 Dungeon Crawl Stone Soup version 0.24.0-123-gd5b16e6ec5 (webtiles) character file.

Game seed: 6759324857260552015, levelgen mode: deterministic

1857 Curus the Cleaver (level 8, -7/64 HPs)
             Began as a Minotaur Fighter on Jan 27, 2020.
             Was a Believer of Trog.
             Mangled by a gnoll
             ... wielding a +2 halberd of electrocution
              (11 damage)
             ... in a bailey.
             The game lasted 00:16:32 (4324 turns).

Curus the Cleaver (Minotaur Fighter)                Turns: 4324, Time: 00:16:34

Health: -7/64      AC:  9    Str: 21 (22) XL:     8   Next: 89%
Magic:  6/6        EV:  8    Int:  6 (7)  God:    Trog [**....]
Gold:   320        SH: 11    Dex: 12 (14) Spells: 7/7 levels left

rFire    . . .     SeeInvis .   a - +0 war axe
rCold    + . .     Gourm    .   p - +2 shield
rNeg     . . .     Faith    .   o - +0 plate armour
rPois    +         Spirit   .   (helmet restricted)
rElec    .         Reflect  .   k - +1 cloak {rPois}
rCorr    .         Harm     .   s - +0 pair of gloves {Dex+3}
MR       ++...                  (no boots)
Stlth    ..........             q - amulet of rage
HPRegen  1.20/turn              e - +5 ring of evasion
MPRegen  0.10/turn              (no ring)

@: berserk cooldown, regenerating, slowed, very slow
A: retaliatory headbutt, horns 2, talons 1, agile 1, cold resistance 1, deformed
body, low mp 1
a: Berserk, Trog's Hand, Renounce Religion, Evoke Berserk Rage


You were in a bailey.
You worshipped Trog.
Trog was pleased with you.
You were very hungry.

You visited 1 branch of the dungeon, and saw 7 of its levels.
You also visited: Bailey.

You collected 446 gold pieces.
You spent 126 gold pieces at shops.

Inventory:

Hand Weapons
 a - a +0 war axe (weapon)
Armour
 b - a +1 scale mail
 c - a +0 shield
 k - a +1 cloak of poison resistance (worn)
 m - a +0 chain mail
 o - a +0 plate armour (worn)
 p - a +2 shield (worn)
 s - a +0 pair of gloves of dexterity (worn)
Jewellery
 e - a +5 ring of evasion (left hand)
 q - an amulet of rage (around neck)
Wands
 n - a wand of acid (9)
 u - a wand of iceblast (12)
Scrolls
 g - 6 scrolls of remove curse
 h - a scroll of random uselessness
 i - 2 scrolls of identify
 j - 4 scrolls of teleportation
 t - a scroll of fear
 w - 3 scrolls of magic mapping
Potions
 d - 2 potions of might
 l - a potion of ambrosia
 r - a potion of agility
 v - a potion of degeneration
 x - 4 potions of heal wounds
Comestibles
 f - 19 rations


   Skills:
 - Level 3.6 Fighting
 + Level 13.4 Axes
 - Level 3.6 Armour
 - Level 3.6 Shields


You had 7 spell levels left.
You didn't know any spells.
Your spell library was empty.

Dungeon Overview and Level Annotations

Branches:
Dungeon (7/15)             Temple (0/1) D:5          Bailey (1/1)

Altars:
Cheibriados
Dithmenos
Elyvilon
Fedhas
Gozag
Makhleb
Okawaru
Trog
Uskayaw
Vehumet
Yredelemnul

Shops:
D:6 [


Innate Abilities, Weirdness & Mutations

You reflexively headbutt those who attack you in melee.
You have a pair of horns on your head.
You have sharp toenails.
You are agile. (Dex +2)
Your flesh is cold resistant. (rC+)
Armour fits poorly on your strangely shaped body.
Your magical capacity is low. (-10% MP)


Message History

You hear a shout!
Things that are here:
3 boomerangs; 3 potions of heal wounds; a hobgoblin corpse
x - 4 potions of heal wounds (gained 3)
The gnoll shouts!
You closely miss the kobold. Your kick misses the kobold.
You headbutt the kobold, but do no damage.
You block the kobold's attack.
The gnoll hits you from afar with a +2 halberd of electrocution!
You are electrocuted!
* * * LOW HITPOINT WARNING * * *
The kobold hits you but does no damage.
Your skin crawls.
You feel resistant to hostile enchantments.
You are feeling very hungry.
The gnoll hits you from afar with a +2 halberd of electrocution.
* * * LOW HITPOINT WARNING * * *
The kobold hits you but does no damage.
The gnoll hits you from afar with a +2 halberd of electrocution!
You die...

##### ### ##
#gK@###.# #.#
#'###'##'##'#
##.....#
###.....###
#.'.(⌠..'.#
###.))((###
#..(..##
#'##(##'##
#.# #)###.#


You could see a gnoll and a kobold.

Vanquished Creatures
  The ghost of Amplified the Skirmisher, a novice HOWz (D:6)
  Sigmund (D:5)
  A sky beast (D:6)
  2 centaurs
  3 bullfrogs
  3 killer bees (D:7)
  2 crimson imps (D:6)
  A hound (D:4)
  Crazy Yiuf (D:3)
  An orc priest (D:4)
  Jessica (D:3)
  3 orc wizards
  6 worker ants
  A killer bee zombie (D:7)
  2 hound skeletons
  Robin (D:4)
  12 gnolls
  8 adders
  2 shadow imps
  2 oozes
  An adder zombie (D:6)
  7 worms
  A dart slug (D:1)
  5 leopard geckos
  9 orcs
  A ball python (D:4)
  2 giant cockroaches
  19 goblins
  13 hobgoblins
  2 jackals (D:3)
  20 kobolds
  4 quokkas
  A ball python skeleton (D:4)
  12 bats
  A frilled lizard (D:2)
  A leopard gecko skeleton (D:5)
  7 rats
160 creatures vanquished.

Notes
Turn   | Place    | Note
-------+----------+-------------------------------------------
     0 | D:1      | Curus the Minotaur Fighter began the quest for the Orb.
     0 | D:1      | Reached XP level 1. HP: 19/19 MP: 0/0
   166 | D:1      | Reached skill level 3 in Axes
   192 | D:1      | Reached XP level 2. HP: 9/26 MP: 1/1
   607 | D:1      | You fall into a shaft and drop 1 floor!
   616 | D:2      | Reached skill level 4 in Axes
   685 | D:2      | Reached XP level 3. HP: 31/31 MP: 2/2
   727 | D:2      | Reached skill level 5 in Axes
   988 | D:1      | Reached XP level 4. HP: 38/39 MP: 3/3
  1559 | D:3      | Found a runed translucent door.
  1560 | D:3      | Noticed Crazy Yiuf
  1609 | D:3      | Reached skill level 6 in Axes
  1613 | D:3      | Reached XP level 5. HP: 43/45 MP: 4/4
  1680 | D:3      | Found an opulent altar of Gozag.
  1733 | D:3      | Found a faded altar of an unknown god.
  1760 | D:3      | Noticed Jessica
  1765 | D:3      | Killed Jessica
  2070 | D:3      | Killed Crazy Yiuf
  2070 | D:3      | Reached skill level 7 in Axes
  2147 | D:4      | Reached XP level 6. HP: 51/51 MP: 5/5
  2165 | D:4      | Reached skill level 8 in Axes
  2173 | D:4      | Found a snail-covered altar of Cheibriados.
  2216 | D:4      | Noticed Robin
  2235 | D:4      | Killed Robin
  2318 | D:4      | Found a bloodstained altar of Trog.
  2323 | D:4      | Became a worshipper of Trog the Wrathful
  2437 | D:4      | Found a shadowy altar of Dithmenos.
  2471 | D:4      | Found a basalt altar of Yredelemnul.
  2630 | D:5      | Entered Level 5 of the Dungeon
  2676 | D:5      | Reached skill level 9 in Axes
  2720 | D:5      | Noticed Sigmund
  2729 | D:5      | Killed Sigmund
  2729 | D:5      | Reached XP level 7. HP: 52/57 MP: 6/6
  2765 | D:5      | Found a staircase to the Ecumenical Temple.
  2832 | D:5      | Gained mutation: Your magical capacity is low. (-10% MP)
                  | [potion of mutation]
  2832 | D:5      | Gained mutation: Armour fits poorly on your strangely
                  | shaped body. [potion of mutation]
  2832 | D:5      | Gained mutation: You have sharp toenails. [potion of
                  | mutation]
  2832 | D:5      | Gained mutation: Your flesh is heat resistant. (rF+)
                  | [potion of mutation]
  2855 | D:5      | Found a hide-covered altar of Uskayaw.
  3119 | D:5      | Reached skill level 10 in Axes
  3292 | D:6      | Found a blossoming altar of Fedhas.
  3348 | D:6      | Found an iron altar of Okawaru.
  3412 | D:6      | Found a white marble altar of Elyvilon.
  3460 | D:6      | Reached * piety under Trog
  3480 | D:6      | Noticed Amplified's ghost (novice HOWz)
  3481 | D:6      | Found a runed translucent door.
  3657 | D:6      | Reached skill level 11 in Axes
  3675 | D:6      | Reached XP level 8. HP: 53/64 MP: 6/6
  3762 | D:6      | Found a radiant altar of Vehumet.
  3763 | D:6      | Found a burning altar of Makhleb.
  3874 | D:6      | Found Mufiddot's Armour Shop.
  3881 | D:6      | Bought a +0 pair of gloves of dexterity for 126 gold pieces
  3978 | D:6      | Killed Amplified's ghost
  3978 | D:6      | Reached skill level 12 in Axes
  4005 | D:6      | Lost mutation: Your flesh is heat resistant. (rF+) [potion
                  | of mutation]
  4005 | D:6      | Lost mutation: Your magical capacity is low. (-10% MP)
                  | [potion of mutation]
  4005 | D:6      | Gained mutation: You are agile. (Dex +2) [potion of
                  | mutation]
  4005 | D:6      | Gained mutation: Your magical capacity is low. (-10% MP)
                  | [potion of mutation]
  4005 | D:6      | Gained mutation: Your flesh is cold resistant. (rC+)
                  | [potion of mutation]
  4150 | D:7      | Reached skill level 13 in Axes
  4169 | D:7      | Found a flagged portal.
  4199 | Bailey   | Entered a bailey
  4259 | Bailey   | Reached ** piety under Trog
  4324 | Bailey   | Mangled by a gnoll

Levels and vault maps discovered:
D:1:      wander_arrival_peaceful_grave, layout_loops_ring, minmay_ruptured
D:2:      layout_rooms
D:3:      layout_rooms, chequers_ecumenical_altar_simple_redux, first_ration,
          minivault_14, nicolae_gozag_seed_capital, uniq_jessica,
          uniq_crazy_yiuf_cottage
D:4:      layout_rooms, lightli_temple_of_fire, cheibriados_altar_1,
          old_standard_altar, grunt_dithmenos_shadows, uniq_robin
D:5:      layout_basic, nicolae_overflow_hidden_temple,
          minmay_temple_entry_slanted, uniq_sigmund
D:6:      layout_loops_cross, grunt_temple_overflow_lords_of_destruction,
          chequers_temple_overflow_statue_of_worship,
          hellmonk_ghost_happy_afterlife, serial_shops, kennysheep_little_box
D:7:      layout_cave_pools, enter_bailey_3
Bailey:   bailey_axe_2, bailey

Skill      XL: |  1  2  3  4  5  6  7  8 |
---------------+-------------------------+-----
Axes           | 3 4 5 6 7 9 11 13 | 13.4
Fighting       | |  3.6
Armour         | |  3.6
Shields        | |  3.6

Action                   |  1- 3 |  4- 6 |  7- 9 || total
-------------------------+-------+-------+-------++-------
Melee: War axe           |    76 |   166 |   134 ||   376
       Headbutt          |     8 |    27 |    30 ||    65
       Kick              |       |       |    28 ||    28
Invok: Berserk           |       |       |     2 ||     2
       Trog's Hand       |       |       |     1 ||     1
  Use: Scroll            |     4 |     3 |     4 ||    11
       Potion            |     4 |     3 |     5 ||    12
  Eat: Chunk             |       |     6 |     3 ||     9
       Ration            |       |       |     1 ||     1
Armor: Scale mail        |    31 |    36 |       ||    67
       Chain mail        |       |     7 |    17 ||    24
       Plate armour      |       |       |    27 ||    27
Dodge: Dodged            |    41 |    87 |    46 ||   174
Block: Shield            |    54 |    69 |   101 ||   224
